AoeStats
← agustinparra1

Arabia

509731986Analyzed
2v2 RM · 6d ago on Sep 27, 2026· 64m 6s· 4 players
Game mode
Random Map
Map size
Medium (4 player)
Population
200
Speed
Normal
Resources
Standard
Victory
Conquest
Starting age
Dark Age
Ending age
Imperial Age
RankedLock teamsTeams togetherTeam positionsShared explorationLock speedFull tech treeHidden civsTurbo modeCheats
Victory
Defeat
🇫🇷 Teutons · France
753
+17
🇫🇷 Mongols · France
701
+19
🇺🇾 Persians · Uruguay
774
-18
🇺🇾 Spanish · Uruguay
774
-18
herino.martin
10:17 Feudal Age
10:43 Horse Collar
10:50 Double-Bit Axe
22:45 Man-at-Arms
33:11 Loom
37:32 Castle Age
45:28 Stone Mining
45:29 Gold Mining
45:35 Gold Mining
46:00 Bow Saw
47:49 Scale Mail Armor
48:00 Forging
49:24 Chain Mail Armor
51:48 Wheelbarrow
52:01 Iron Casting
53:35 Stone Shaft Mining
53:10 Heavy Plow
54:16 Hand Cart
57:23 Imperial Age
58:50 Plate Mail Armor
59:20 Blast Furnace
58:25 Elite Teutonic Knight
61:09 Bloodlines
62:29 Cavalier
MLF
10:48 Feudal Age
13:17 Padded Archer Armor
13:09 Fletching
13:29 Forging
15:51 Gold Mining
15:31 Man-at-Arms
16:47 Double-Bit Axe
19:54 Stone Mining
20:06 Horse Collar
25:18 Castle Age
27:48 Pikeman
35:14 Imperial Age
43:42 Heavy Camel Rider
56:13 Ballistics
60:07 Elite Mangudai
KNCD
1:42 Loom
53:48 Feudal Age
57:14 Castle Age
agustinparra1
9:37 Feudal Age
10:02 Loom
10:05 Horse Collar
10:18 Double-Bit Axe
13:36 Wheelbarrow
13:34 Town Watch
17:27 Gold Mining
17:27 Stone Mining
23:27 Castle Age
23:53 Bloodlines
25:48 Scale Barding Armor
26:59 Hand Cart
26:44 Town Patrol
26:58 Bow Saw
26:51 Heavy Plow
32:01 Murder Holes
32:20 Masonry
32:34 Forging
32:44 Chain Barding Armor
42:36 Imperial Age
42:23 Iron Casting
43:23 Stone Shaft Mining
44:22 Pikeman
46:30 Conscription
50:36 Halberdier
55:57 Thumb Ring
56:14 Elite Skirmisher
63:21 Ballistics
Connection lost

Rejoining the realm…

Still unreachable

The connection could not be restored.

Session expired

The server has moved on; the page needs a fresh start.